 Dungeon Crawl Stone Soup version 0.29-a0-375-g5102b3be25 (webtiles) character file.

Game seed: 9438355811544239957

14 domi the Magician (level 2, -2/19 HPs)
             Began as a Demonspawn Hedge Wizard on May 3, 2022.
             Slain by a hobgoblin
             ... wielding a +0 mace
              (10 damage)
             ... on level 2 of the Dungeon.
             The game lasted 00:01:08 (1318 turns).

domi the Magician (Demonspawn Hedge Wizard)         Turns: 1318, Time: 00:01:09

Health: -2/19      AC:  2    Str: 10    XL:     2   Next: 31%
Magic:  1/6        EV: 12    Int: 15    God:
Gold:   44         SH:  0    Dex: 12    Spells: 6/7 levels left

rFire   . . .      SeeInvis .   k - +1 dagger (pain)
rCold   . . .      Faith    .   (no shield)
rNeg    . . .      Spirit   .   b - +0 robe
rPois   .          Reflect  .   c - +0 hat
rElec   .          Harm     .   (no cloak)
rCorr   .          Rampage  .   (no gloves)
Will    .....                   (no boots)
Stlth   ++........              (no amulet)
HPRegen 0.06/turn               (no ring)
MPRegen 0.10/turn               (no ring)

@: no status effects
A: antennae 1
a: no special abilities


You were on level 2 of the Dungeon.
You visited 1 branch of the dungeon, and saw 2 of its levels.

You collected 44 gold pieces.

Inventory:

Hand Weapons
 a - a +0 dagger
 k - a +1 dagger of pain (weapon)
   (You took it off a goblin on level 2 of the Dungeon)
Armour
 b - a +0 robe (worn)
 c - a +0 hat (worn)
Scrolls
 f - 5 scrolls of identify {unknown}
 h - a scroll of silence {unknown}
 i - a scroll of poison {unknown}
 j - a scroll of enchant armour {unknown}
Potions
 d - 2 potions of magic
 e - a potion of haste {unknown}
 g - a potion of brilliance {unknown}


   Skills:
 - Level 1.7 Dodging
 - Level 1.7 Stealth
 - Level 3.0 Spellcasting
 + Level 2.4 Conjurations
 - Level 1.0 Summonings
 - Level 0.8 Translocations


You had 6 spell levels left.
You knew the following spells:

 Your Spells              Type           Power      Damage    Failure   Level
z - Magic Dart            Conj           36%        1d4       8%          1

Your spell library contained the following spells:

 Spells                   Type           Power      Damage    Failure   Level
 Pain                     Necr           8%         1d4       21%         1
 Slow                     Hex            8%         N/A       21%         1
 Call Imp                 Summ           5%         N/A       21%         2
 Blink                    Tloc           8%         N/A       22%         2
 Conjure Flame            Conj/Fire      5%         6-21      36%         3
 Mephitic Cloud           Conj/Pois/Air  4%         N/A       41%         3
 Confusing Touch          Hex            2%         N/A       52%         3
 Vampiric Draining        Necr           2%         2d6       52%         3
 Agony                    Necr           2%         N/A       99%         5
 Excruciating Wounds      Necr           1%         N/A       99%         5


Dungeon Overview and Level Annotations

Branches:
Dungeon (2/15)

Altars:


Innate Abilities, Weirdness & Mutations

You have a pair of small antennae on your head.


Message History

A rat is nearby!
A rat is nearby!
A rat is nearby!
Aim: a rat (asleep, 100% to hit)
The magic dart hits the rat.
You kill the rat!
You now have 5/6 mp.
You can't see any susceptible monsters within range! (Use Z to cast anyway.)
You can't see any susceptible monsters within range! (Use Z to cast anyway.)
You can't see any susceptible monsters within range! (Use Z to cast anyway.)
You see here a rat corpse.
j - a scroll labelled CYUCAPN FIMEN MP restored: 6 A hobgoblin comes into view.
A hobgoblin is nearby!
A hobgoblin is nearby!
Aim: a hobgoblin, wearing a +0 leather armour (wandering, hasn't noticed you, 100% to hit)
The magic dart hits the hobgoblin but does no damage.
The hobgoblin shouts!
You now have 5/6 mp.
Aim: a hobgoblin, wearing a +0 leather armour (100% to hit)
The magic dart hits the hobgoblin but does no damage.
You now have 4/6 mp.
Aim: a hobgoblin, wearing a +0 leather armour (100% to hit)
The magic dart hits the hobgoblin but does no damage.
You now have 3/6 mp.
Aim: a hobgoblin, wearing a +0 leather armour (100% to hit)
The magic dart hits the hobgoblin.
You now have 2/6 mp.
Aim: a hobgoblin, wearing a +0 leather armour (moderately wounded, 100% to hit)
The magic dart hits the hobgoblin.
You now have 1/6 mp.
Aim: a hobgoblin, wearing a +0 leather armour (heavily wounded, 100% to hit)
The magic dart hits the hobgoblin.
You kill the hobgoblin!
A goblin comes into view. It is wielding a +1 dagger of pain.
You now have 0/6 mp.
You don't have enough magic to cast this spell.
You start resting.
MP restored: 6
f - 5 scrolls labelled NUT RIWAGHED (gained 1)
You see here a +0 leather armour.
You now have 44 gold pieces (gained 4).
A goblin is nearby!
A goblin is nearby!
A goblin is nearby!
Aim: a goblin, wielding a +1 dagger of pain (wandering, hasn't noticed you, 100% to hit)
You miscast Magic Dart.
You are very lightly contaminated with residual magic.
Nothing appears to happen.
The goblin shouts!
You hear a shout!
You now have 5/6 mp.
Aim: a goblin, wielding a +1 dagger of pain (100% to hit)
The magic dart hits the goblin.
You now have 4/6 mp.
Aim: a goblin, wielding a +1 dagger of pain (heavily wounded, 100% to hit)
The magic dart hits the goblin.
You kill the goblin!
You now have 3/6 mp.
You can't see any susceptible monsters within range! (Use Z to cast anyway.)
You can't see any susceptible monsters within range! (Use Z to cast anyway.)
You see here a +1 dagger of pain.
k - a +1 dagger of pain You have a feeling of ineptitude.
k - a +1 dagger of pain (weapon)
Your magical contamination has completely faded away.
A hobgoblin comes into view. It is wielding a +0 mace.
A hobgoblin is nearby!
A hobgoblin is nearby!
A hobgoblin is nearby!
Aim: a hobgoblin, wielding a +0 mace and wearing a +4 ring of protection (100% to hit)
The magic dart hits the hobgoblin.
Aim: a hobgoblin, wielding a +0 mace and wearing a +4 ring of protection (heavily wounded, 100% to hit)
The magic dart hits the hobgoblin but does no damage.
You now have 2/6 mp.
Aim: a hobgoblin, wielding a +0 mace and wearing a +4 ring of protection (heavily wounded, 100% to hit)
The magic dart hits the hobgoblin but does no damage.
The hobgoblin hits you with a +0 mace!
You take 8 damage, and have 11/19 hp.
MASSIVE DAMAGE!!
You now have 1/6 mp.
Aim: a hobgoblin, wielding a +0 mace and wearing a +4 ring of protection (heavily wounded, 100% to hit)
The magic dart hits the hobgoblin but does no damage.
The hobgoblin closely misses you.
You now have 0/6 mp.
You hit the hobgoblin. The hobgoblin barely misses you.
You closely miss the hobgoblin.
A giant cockroach comes into view.
The hobgoblin barely misses you.
You barely miss the hobgoblin. The hobgoblin misses you.
You closely miss the hobgoblin. The hobgoblin barely misses you.
You barely miss the hobgoblin. The hobgoblin hits you with a +0 mace.
You take 1 damage, and have 10/19 hp.
The giant cockroach barely misses you. The hobgoblin attacks as you move away!
The hobgoblin hits you with a +0 mace. The giant cockroach barely misses you.
You take 2 damage, and have 8/19 hp.
The hobgoblin attacks as you move away! The hobgoblin hits you with a +0 mace!
Ouch! That really hurt!
You die...

# #.# # #.# # #.### # #...
##### #..# #...#
#..#######
###.#########........#####
#...........[....g........
#.############..@B..######
#.# #......# #.#
##......... ..#
#.......... ###
###########


You could see a giant cockroach and a hobgoblin.

Vanquished Creatures
  3 goblins
  4 hobgoblins
  A kobold (D:1)
  2 ball pythons
  A bat (D:2)
  2 rats
13 creatures vanquished.

Vanquished Creatures (others)
  6 fungi (D:2)
  2 plants (D:2)
8 creatures vanquished.

Grand Total: 21 creatures vanquished

Notes
Turn   | Place    | Note
-------+----------+-------------------------------------------
     0 | D:1      | domi the Demonspawn Hedge Wizard began the quest for the
                  | Orb.
     0 | D:1      | Reached XP level 1. HP: 13/13 MP: 4/4
   626 | D:1      | Reached skill level 2 in Conjurations
   821 | D:1      | Gained mutation: You have a pair of small antennae on your
                  | head. [demonic ancestry]
   821 | D:1      | Reached XP level 2. HP: 19/19 MP: 3/6
  1318 | D:2      | Slain by a hobgoblin

Illustrated notes

Levels and vault maps discovered:
D:1:      wander_arrival_chamber, layout_loops_corners
D:2:      layout_loops_ring, dreamdust_ecumenical_altar_grove,
          minmay_misc_feat_rugged

Skill      XL: |  1 |
---------------+----+-----
Conjurations   | 2 |  2.4
Dodging        | |  1.7
Stealth        | |  1.7
Spellcasting   | |  3.0
Summonings     | |  1.0
Translocations | |  0.8

Action                   || total
-------------------------++-------
Melee: Dagger            ||    14
 Cast: Magic Dart        ||    34
Armor: Robe              ||     2
Dodge: Dodged            ||    12

Table legend: (Time is in decaauts)
 A = Elapsed time spent in this place.
 B = Non-inter-level travel time spent in this place.
 C = Inter-level travel time spent in this place.
 D = Time resting spent in this place.
 E = Time spent auto-exploring this place.
 F = Levels seen in this place.
 G = Mean time per level.
                   A        B        C        D        E       F      G
               +--------+--------+--------+--------+--------+-----+--------+
         Total |   1317 |   1281 |     36 |    112 |   1039 |   2 |  658.5 |
       Dungeon |   1317 |   1281 |     36 |    112 |   1039 |   2 |  658.5 |
               +--------+--------+--------+--------+--------+-----+--------+

Top non-repeatable levels by time:
     D:1: 1004 daAuts
     D:2: 313 daAuts

Table legend:
 A = Kills in this place as a percentage of kills in entire the game.
 B = Kills by you in this place as a percentage of kills by you in the entire game.
 C = Kills by friends in this place as a percentage of kills by friends in the entire game.
 D = Other kills in this place as a percentage of other kills in the entire game.
 E = Experience gained in this place as a percentage of experience gained in the entire game.
 F = Experience gained in this place divided by the number of levels of this place that you have seen.
                   A       B       C       D       E      F
               +-------+-------+-------+-------+-------+----------------------
         Total | 100.0 | 100.0 |   N/A |   N/A | 100.0 |  10.5
       Dungeon | 100.0 | 100.0 |   N/A |   N/A | 100.0 |  10.5
               +-------+-------+-------+-------+-------+----------------------
